 Dungeon Crawl Stone Soup version 0.30-a0-743-gbfdf073431 (webtiles) character file.

Game seed: 1085546222516266397

304 hikkokomori the Firebug (level 6, -3/34 HPs)
             Began as a Deep Elf Fire Elementalist on Feb 8, 2023.
             Killed by divine providence
             ... invoked by an orc priest
              (16 damage)
             ... on level 3 of the Dungeon.
             The game lasted 00:03:58 (3226 turns).

hikkokomori the Firebug (DEFE)                      Turns: 3226, Time: 00:03:59

Health: -3/34      AC:  2    Str:  5    XL:     6   Next: 15%
Magic:  1/13       EV: 13    Int: 20    God:
Gold:   127        SH:  0    Dex: 17    Spells: 9/12 levels left

rFire   + . .      SeeInvis .    l - staff of fire
rCold   . . .      Faith    .    (no shield)
rNeg    . . .      Spirit   .    a - +0 robe
rPois   .          Reflect  .    (no helmet)
rElec   .          Harm     .    (no cloak)
rCorr   .          Rampage  .    (no gloves)
Will    .....                    (no boots)
Stlth   +++                      (no amulet)
HPRegen 0.25/turn                (no ring)
MPRegen 0.13/turn                (no ring)

@: no status effects
A: no striking features
a: no special abilities


You were on level 3 of the Dungeon.
You visited 1 branch of the dungeon, and saw 3 of its levels.
You also visited: Sewer.

You collected 127 gold pieces.

Inventory:

Hand Weapons
 d - a +0 dagger
Missiles
 k - a throwing net
Armour
 a - a +0 robe (worn)
 n - a +0 cloak
Magical Staves
 l - a staff of fire (weapon)
Wands
 i - a wand of light (10)
Scrolls
 e - a scroll of immolation
 m - a scroll of brand weapon {unknown}
Potions
 b - a potion of magic
 c - 2 potions of attraction {unknown}
 f - 2 potions of haste
 g - 4 potions of flight
 h - a potion of curing
 j - 2 potions of heal wounds


   Skills:
 + Level 1.3 Fighting
 + Level 1.6 Staves
 - Level 3.1 Dodging
 + Level 4.1 Stealth
 - Level 3.6 Spellcasting
 + Level 3.0 Conjurations
 + Level 4.3 Fire Magic
 + Level 1.9 Evocations


You had 9 spell levels left.
You knew the following spells:

 Your Spells              Type           Power      Damage    Failure   Level
a - Foxfire               Conj/Fire      100%       2x1d9     3%          1
b - Scorch                Fire           62%        2d8       3%          2

Your spell library contained the following spells:

 Spells                   Type           Power      Damage    Failure   Level
 Summon Small Mammal      Summ           12%        N/A       13%         1
 Inner Flame              Hex/Fire       18%        N/A       16%         3
 Sublimation of Blood     Necr           3%         N/A       21%         2
 Wereblood                Tmut           3%         N/A       21%         2
 Kindle Blastsparks       Fire/Tloc/Air  28%        2d12      22%         3
 Flame Wave               Conj/Fire      27%        2d9       28%         4
 Call Canine Familiar     Summ           3%         N/A       36%         3
 Summon Guardian Golem    Hex/Summ       3%         N/A       36%         3
 Summon Hydra             Summ           1%         N/A       100%        7


Dungeon Overview and Level Annotations

Branches:
Dungeon (3/15)              Sewer (visited)

Altars:
Dithmenos
Fedhas
Gozag
Qazlal
Sif Muna
Xom

Shops:
D:3 [


Message History

Nothing appears to happen.
The orc closely misses you. The orc hits you with a +0 flail!
You feel a surge of power!
Flames lash the orc.
You kill the orc!
The orc barely misses you.
You feel a surge of power!
Flames lash the orc.
You kill the orc!
The orc priest hits you with a +0 short sword.
Your Conjurations skill increases to level 3!
You feel a surge of power!
Flames lash the ball python.
You kill the ball python!
The orc priest hits you with a +0 short sword.
The hobgoblin closely misses you.
You feel a surge of power!
Flames lash the orc priest.
The orc priest is moderately wounded.
The orc priest's fire resistance burns away.
The orc priest misses you. The hobgoblin hits you.
You are out of magic!
You are out of magic!
You are out of magic!
The orc priest attacks as you move away!
The orc priest completely misses you.
The orc priest looks satisfied for a moment.
Your magical contamination has completely faded away.
You hit the hobgoblin. You burn the hobgoblin.
You kill the hobgoblin!
You start resting.
An orc priest is nearby!
You hit the orc priest but do no damage.
You burn the orc priest.
The orc priest is heavily wounded.
The orc priest hits you with a +0 short sword.
You hit the orc priest but do no damage.
The orc priest is heavily wounded.
The orc priest hits you with a +0 short sword.
You barely miss the orc priest.
The orc priest is heavily wounded.
The orc priest calls down the wrath of Beogh upon you.
Beogh smites you!
You die...

...........##.# .......
#########..##.# ....... ..#
#..##.# _..⌠.._ ..#
##..##.# )...... [<#
#......## ._..._. ..#
#...#..o##)...... ..#
#...#....)o†..... ..#
#...#..†############
..######..>##..o@.........#
....(......##.###########.#
#########..##.# #.# #.....#
#.# #.##### #.# #.#
############.## #.#
#.............# #.#
#.##########..# ##.####.#
##..######


You could see an orc priest.

Vanquished Creatures
  A phantom (D:3)
  A kobold brigand (Sewer)
  Jessica (D:3)
  Terence (D:3)
  A river rat (Sewer)
  3 adders (D:2)
  3 worms (D:3)
  A dart slug (D:2)
  5 orcs (D:3)
  8 ball pythons
  2 endoplasms
  2 giant cockroaches
  4 goblins
  3 hobgoblins
  5 kobolds
  2 quokkas
  6 bats
  A frilled lizard (D:1)
  10 rats
60 creatures vanquished.

Vanquished Creatures (others)
  145 foxfires
145 creatures vanquished.

Grand Total: 205 creatures vanquished

Notes
Turn   | Place    | Note
-------+----------+-------------------------------------------
     0 | D:1      | hikkokomori the Deep Elf Fire Elementalist began the quest
                  | for the Orb.
     0 | D:1      | Reached XP level 1. HP: 10/10 MP: 6/6
   482 | D:1      | Reached XP level 2. HP: 15/15 MP: 5/8
  1136 | D:2      | Found a blossoming altar of Fedhas.
  1327 | D:2      | Reached XP level 3. HP: 16/19 MP: 4/9
  2049 | D:2      | Learned a level 2 spell: Scorch
  2183 | D:2      | Found a faded altar of an unknown god.
  2245 | D:3      | Noticed a phantom
  2250 | D:3      | Killed a phantom
  2251 | D:3      | Reached skill level 1 in Evocations
  2251 | D:3      | Reached XP level 4. HP: 24/24 MP: 1/11
  2251 | D:3      | Reached XP level 5. HP: 28/28 MP: 1/12
  2272 | D:3      | Noticed Terence
  2368 | D:3      | Killed Terence
  2369 | D:3      | Reached skill level 1 in Staves
  2392 | D:3      | Noticed Jessica
  2395 | D:3      | Killed Jessica
  2407 | D:3      | Reached skill level 1 in Fighting
  2473 | D:3      | Found a glowing drain.
  2478 | Sewer    | Entered a sewer
  2595 | Sewer    | Reached XP level 6. HP: 25/34 MP: 3/13
  2688 | Sewer    | Found a white marble altar of Elyvilon.
  2827 | D:3      | Found a shimmering altar of Xom.
  2945 | D:3      | Found Pino's Armour Shop.
  3208 | D:3      | Found a shadowy altar of Dithmenos.
  3209 | D:3      | Found a stormy altar of Qazlal.
  3209 | D:3      | Found a shimmering blue altar of Sif Muna.
  3209 | D:3      | Found an opulent altar of Gozag.
  3226 | D:3      | Killed from afar by an orc priest

Illustrated notes

Levels and vault maps discovered:
D:1:      psy_arrival_fountain, layout_loops_ring, minmay_pentomino_s2
D:2:      layout_basic, shapermc_ecumenical_altar_mp_highgroup, basic_altar
D:3:      layout_loops_ring, grunt_temple_overflow_open, serial_shops, shop,
          gup_sewer_entry_bowl, eino_tiny_chamber, uniq_jessica, uniq_terence

Skill      XL: |  1  2  3  4  5  6 |
---------------+-------------------+-----
Stealth        | 3 4 |  4.1
Dodging        | 3 |  3.1
Conjurations   | 2 3 |  3.0
Fire Magic     | 4 |  4.3
Evocations     | 1 |  1.9
Staves         | 1 |  1.6
Fighting       | 1 |  1.3
Spellcasting   | |  3.6

Action                     |  1- 3 |  4- 6 || total
---------------------------+-------+-------++-------
  Melee: Dagger            |    10 |       ||    10
         Staff             |     2 |    49 ||    51
         Punch             |       |     1 ||     1
   Cast: Foxfire           |    90 |     8 ||    98
         Scorch            |     2 |    20 ||    22
    Use: Scroll            |     1 |     4 ||     5
 Armour: Robe              |     3 |     3 ||     6
  Dodge: Dodged            |    20 |    39 ||    59

Table legend: (Time is in decaauts)
 A = Elapsed time spent in this place.
 B = Non-inter-level travel time spent in this place.
 C = Inter-level travel time spent in this place.
 D = Time resting spent in this place.
 E = Time spent auto-exploring this place.
 F = Levels seen in this place.
 G = Mean time per level.
                   A        B        C        D        E       F      G
               +--------+--------+--------+--------+--------+-----+--------+
         Total |   3267 |   3240 |     27 |    126 |   2625 |   4 |  816.8 |
       Dungeon |   2951 |   2924 |     27 |    126 |   2410 |   3 |  983.7 |
         Sewer |    316 |    316 |      0 |      0 |    214 |   1 |  316.0 |
               +--------+--------+--------+--------+--------+-----+--------+

Top non-repeatable levels by time:
     D:2: 1269 daAuts
     D:1: 1054 daAuts
     D:3: 627 daAuts
   Sewer: 316 daAuts
